Description

test

Replay - TvT all in

Build Order

Get SALT Encoding   

  12  0:01  SCV  
  13  0:15  SCV  
  13  0:17  Supply Depot  
  14  0:28  SCV  
  15  0:30  Refinery  
  15  0:40  SCV  
  16  0:46  Barracks  
  16  0:52  SCV  
  17  1:04  SCV  
  18  1:16  SCV  
  19  1:33  Orbital Command, Reaper  
  20  1:46  Command Center  
  20  1:57  Factory  
  20  2:01  SCV  
  20  2:07  Refinery  
  21  2:10  Barracks Reactor  
  21  2:15  SCV  
  22  2:23  Supply Depot  
  22  2:27  SCV  
  24  2:55  Cyclone x2  
  30  3:00  Orbital Command  
  30  3:04  Refinery  
  34  3:28  Cyclone x2  
  40  3:38  Supply Depot  
  42  3:44  Supply Depot  
  42  3:52  Factory  
  42  3:54  Barracks Reactor  
  45  4:07  Cyclone  
  49  4:15  Cyclone  
  53  4:18  Supply Depot  
  53  4:42  Cyclone x2  
  60  4:52  Cyclone  
  66  5:05  Cyclone  
  69  5:11  Refinery  
  79  5:52  Command Center  
Spawning Tool Build Advisor. Get it on Overwolf

Analysis

test

Go to:

Details

  • Created by: Michauter
  • Published on: Feb 01, 2018
  • Modified on: Feb 01, 2018
  • Patch: 4.0.0
  • Difficulty: Easy
Show
View Real Time Build Order
Export as new Build Order

Comments (0)

There are no comments. Be the first!

Create an account to comment!